 Dungeon Crawl Stone Soup version 0.25.1-2-g60ff931df9 (webtiles) character file.

Game seed: 378942672990950027

798 Exodus22XD the Chopper (level 7, -6/63 HPs)
             Began as a Deep Dwarf Fighter on Nov 8, 2020.
             Was an Initiate of Makhleb.
             Mangled by an ogre
             ... wielding a +0 giant club
              (20 damage)
             ... on level 5 of the Dungeon.
             The game lasted 00:04:58 (3507 turns).

Exodus22XD the Chopper (Deep Dwarf Fighter)         Turns: 3507, Time: 00:04:59

Health: -6/63      AC: 11    Str: 22    XL:     7   Next: 58%
Magic:  8/8        EV:  6    Int:  8    God:    Makhleb [......]
Gold:   168        SH: 10    Dex: 12    Spells: 6/6 levels left

rFire    + . .     SeeInvis +   a - +0 war axe
rCold    . . .     Gourm    .   c - +0 kite shield
rNeg     . . .     Faith    .   i - +0 chain mail {rPois}
rPois    +         Spirit   .   w - +2 hat
rElec    .         Reflect  .   (no cloak)
rCorr    .         Harm     .   (no gloves)
MR       +....                  (no boots)
Stlth    ..........             (no amulet)
HPRegen  0.00/turn              r - ring of see invisible
MPRegen  0.11/turn              s - ring of protection from fire

@: non-regenerating
A: damage resistance, heal wounds, sense surroundings 1, no regeneration
a: Heal Wounds, Renounce Religion


You were on level 5 of the Dungeon.
You worshipped Makhleb.
Makhleb was noncommittal.
You were not hungry.

You visited 2 branches of the dungeon, and saw 6 of its levels.

You collected 168 gold pieces.

Inventory:

Hand Weapons
 a - a +0 war axe (weapon)
 q - a +1 mace of holy wrath
Armour
 c - a +0 kite shield (worn)
 i - a +0 chain mail of poison resistance (worn)
 w - a +2 hat (worn)
Jewellery
 r - a ring of see invisible (left hand)
 s - a ring of protection from fire (right hand)
Wands
 g - a wand of flame (10)
Scrolls
 k - a scroll of amnesia
 m - a scroll of enchant weapon
 o - a scroll of teleportation {unknown}
 p - 2 scrolls of remove curse
 t - a scroll of identify
 v - a scroll of random uselessness {unknown}
Potions
 b - a potion of curing
 d - 3 potions of might
 e - 2 potions of flight
 h - a potion of magic {unknown}
 j - a potion of ambrosia {unknown}
 l - a potion of mutation {unknown}
 n - a potion of stabbing {unknown}
 x - a potion of brilliance {unknown}
 z - a potion of heal wounds {unknown}
Comestibles
 f - 10 rations
 u - 3 chunks of flesh


   Skills:
 + Level 3.6 Fighting
 + Level 6.1 Axes
 + Level 4.7 Armour
 + Level 1.6 Dodging
 + Level 5.2 Shields
 * Level 3.7 Invocations


You had 6 spell levels left.
You didn't know any spells.
Your spell library was empty.

Dungeon Overview and Level Annotations

Branches:
Dungeon (5/15)             Temple (1/1) D:4

Altars:
Ashenzari
Cheibriados
Elyvilon
Fedhas
Gozag
Hepliaklqana
Kikubaaqudgha
Makhleb
Nemelex Xobeh
Qazlal
Ru
Trog
Uskayaw
Vehumet
Xom
Yredelemnul
Zin
The Shining One

Shops:
D:4 }


Innate Abilities, Weirdness & Mutations

You are resistant to damage.
You can heal yourself by infusing magical energy.
You passively map a small area around you.
You do not regenerate.


Message History

You hit the ogre but do no damage. You block the ogre's attack.
You hit the ogre.
The ogre is lightly wounded.
You block the ogre's attack.
You slash the ogre!
The ogre is moderately wounded.
The ogre hits you but does no damage.
You hit the ogre.
The ogre is moderately wounded.
The ogre hits you with a +0 giant club!
You feel much better.
The ogre hits you with a +0 giant club!!
Your chain mail prevents you from hitting the ogre.
The ogre is moderately wounded.
The ogre hits you with a +0 giant club!
* * * LOW HITPOINT WARNING * * *
You slash the ogre!
The ogre is severely wounded.
The ogre hits you with a +0 giant club!!
You die...

ยงยง..# #............#####...#
, .##.#
#.......(....#####...#*
.##.###....................+ ,
......................##...#
.########.###########.######,,
..........# #.# *,
.################## #.# .#
.........###.#### ,
#########......O@........# *
.........................#
#########................# *
.........######## .........#
*.........# *##########


You could see an ogre.

Vanquished Creatures
  A centaur (D:5)
  An ogre (D:4)
  A scorpion (D:4)
  A howler monkey (D:4)
  A crimson imp (D:4)
  2 bullfrog zombies (D:5)
  A centaur zombie (D:5)
  A hound (D:4)
  4 orc wizards
  Terence (D:2)
  An iguana (D:4)
  2 worker ants
  A hound skeleton (D:5)
  5 adders
  An adder skeleton (D:3)
  2 worms
  A dart slug (D:1)
  3 leopard geckos
  12 orcs
  A ball python (D:5)
  11 giant cockroaches
  5 hobgoblins
  3 jackals (D:3)
  4 quokkas
  9 bats
  6 frilled lizards
  11 goblins
  7 kobolds
  A leopard gecko skeleton (D:4)
  A quokka skeleton (D:4)
  7 rats
108 creatures vanquished.

Notes
Turn   | Place    | Note
-------+----------+-------------------------------------------
     0 | D:1      | Exodus22XD the Deep Dwarf Fighter began the quest for the
                  | Orb.
     0 | D:1      | Reached XP level 1. HP: 20/20 MP: 1/1
   276 | D:1      | Reached XP level 2. HP: 24/27 MP: 2/2
   865 | D:2      | Reached XP level 3. HP: 22/33 MP: 3/3
  1236 | D:2      | Noticed Terence
  1252 | D:2      | Killed Terence
  1252 | D:2      | Reached skill level 3 in Axes
  1252 | D:2      | Reached skill level 1 in Dodging
  1274 | D:2      | Reached XP level 4. HP: 21/40 MP: 4/4
  1701 | D:3      | Found a faded altar of an unknown god.
  1987 | D:3      | Found a stormy altar of Qazlal.
  2247 | D:4      | Reached XP level 5. HP: 35/49 MP: 5/5
  2264 | D:4      | Found Qyhiah's Gadget Shoppe.
  2318 | D:4      | Found a staircase to the Ecumenical Temple.
  2330 | D:4      | Reached skill level 4 in Axes
  2342 | Temple   | Entered the Ecumenical Temple
  2546 | Temple   | Became a worshipper of Makhleb the Destroyer
  2603 | D:4      | Found a shattered altar of Ashenzari.
  2639 | D:4      | Reached skill level 1 in Invocations
  2639 | D:4      | Reached XP level 6. HP: 45/56 MP: 6/6
  2656 | D:4      | Reached skill level 5 in Axes
  2702 | D:4      | Found a snail-covered altar of Cheibriados.
  2835 | D:4      | Found a white marble altar of Elyvilon.
  3043 | D:4      | Reached XP level 7. HP: 31/62 MP: 8/8
  3266 | D:5      | Entered Level 5 of the Dungeon
  3363 | D:5      | Reached skill level 5 in Shields
  3403 | D:5      | Reached skill level 6 in Axes
  3507 | D:5      | Mangled by an ogre

Illustrated notes

Levels and vault maps discovered:
D:1:      lightli_iron_boxes, layout_basic, chequers_serial_rivers_micro_a
D:2:      layout_basic, uniq_terence
D:3:      minmay_roachtagon, layout_basic, nicolae_overflow_hidden_temple,
          chequers_ecumenical_altar_simple_redux,
          chequers_serial_rivers_micro_b, st_stairs_12
D:4:      layout_basic, lemuel_coloured_pillars_altar,
          cheibrodos_ashenzari_chains, kennysheep_mini, temple_fountains,
          serial_shops, shop, first_ration
D:5:      layout_basic, lemuel_crystal_altar, basic_altar, serial_undead,
          serial_undead_e, serial_undead_a, serial_undead_f, serial_undead_f,
          grunt_tough_drop
Temple:   dpeg_chambers_temple

Skill      XL: |  1  2  3  4  5  6  7 |
---------------+----------------------+-----
Axes           | 3 4 5 6 |  6.1
Dodging        | 1 |  1.6
Shields        | 4 5 |  5.2
Armour         | 4 |  4.7
Fighting       | 3 |  3.6
Invocations    | 1 2 3 |  3.7

Action                   |  1- 3 |  4- 6 |  7- 9 || total
-------------------------+-------+-------+-------++-------
Melee: War axe           |   117 |   186 |    73 ||   376
       Mace              |       |     8 |       ||     8
 Abil: Heal Wounds       |     1 |     3 |     2 ||     6
  Use: Scroll            |       |     6 |       ||     6
  Eat: Chunk             |     1 |     7 |     1 ||     9
Armor: Scale mail        |    17 |       |       ||    17
       Ring mail         |    38 |    18 |       ||    56
       Chain mail        |       |   103 |    31 ||   134
Dodge: Dodged            |    46 |    55 |    13 ||   114
Block: Kite shield       |    85 |   130 |    59 ||   274
